[Event "*** SCC Grand Prix: Titled Tuesday Blitz"]
[Site "Chess.com"]
[Date "2020.07.21"]
[Round "4"]
[White "Gloomy_Wanderer"]
[Black "Zurability"]
[Result "0-1"]
[WhiteElo "2691"]
[BlackElo "2581"]
[TimeControl "180+1"]
[EndTime "10:38:06 PDT"]
[Termination "Zurability won by resignation"]

1. d4 Nf6 2. Nf3 e6 3. c4 b6 4. g3 Bb7 5. Bg2 Be7 6. O-O O-O 7. Re1 d5 8. cxd5 exd5 9. Nc3 Nbd7 10. Bf4 Re8 11.
Rc1 a6 12. Ne5 Nf8 13. Bg5 Ne6 14. Bxf6 Bxf6 15. e3 c5 16. f4 cxd4 17. exd4 b5 18. Kh1 Rc8 19. Qd3 Qd6 20. a3 g6 21. Rcd1 Ng7 22.
g4 Ne6 23. Qf3 Bg7 24. Nxd5 Nxf4 25. Nf6+ Qxf6 26. Qxb7 Rc2 27. Be4 Rxb2 28. Rf1 Rf8 29. Nf3 Qe6 30. Rg1 Nh3 31. Rg2 Nf2+ 32. Kg1 Nxd1 0-1

[Event "*** SCC Grand Prix: Titled Tuesday Blitz"]
[Site "Chess.com"]
[Date "2020.07.21"]
[Round "4"]
[White "GMartin_Petrov"]
[Black "51616516516"]
[Result "1-0"]
[WhiteElo "2611"]
[BlackElo "2415"]
[TimeControl "180+1"]
[EndTime "10:38:06 PDT"]
[Termination "GMartin_Petrov won by resignation"]

1. c4 Nf6 2. Nc3 g6 3. g3 Bg7 4. Bg2 O-O 5. e4 c5 6. Nge2 Nc6 7. d3 d6 8. O-O Rb8 9. Rb1 e5 10. a3 a6 11. b4 cxb4 12. axb4 b5 13. cxb5 axb5 14.
h3 Be6 15. f4 exf4 16. Nxf4 Qb6+ 17. Kh2 Ng4+ 18. hxg4 Bxc3 19. Bb2 Bxb2 20. Rxb2 Qd4 21. Qd2 Ne5 22. g5 Kg7 23. Bh3 Bxh3 24. Kxh3 Rh8 25. Qf2 Qxf2 26. Rbxf2 h6 27. gxh6+ Rxh6+ 28. Kg2 Rbh8 29.
Rg1 Ng4 30. Re2 Rh2+ 31. Kf3 Ne5+ 32. Ke3 Rxe2+ 33. Nxe2 Rh2 34. g4 g5 35. Rg3 Rh1 36.
Nd4 Kg6 37. Nf5 Re1+ 38. Kd4 Ra1 39. Nxd6 Nc6+ 40. Kc5 Ne7 41. Nxb5 Ng8 42. e5 Rc1+ 43. Kd6 Ne7 44. Kxe7 1-0

[Event "*** SCC Grand Prix: Titled Tuesday Blitz"]
[Site "Chess.com"]
[Date "2020.07.21"]
[Round "4"]
[White "aNaartjieZA"]
[Black "krasavetc"]
[Result "1-0"]
[WhiteElo "2452"]
[BlackElo "2285"]
[TimeControl "180+1"]
[EndTime "10:38:06 PDT"]
[Termination "aNaartjieZA won on time"]

1. e4 c5 2. Nf3 d6 3. g3 Nf6 4. d3 g6 5. Bg2 Bg7 6. O-O O-O 7. Re1 e5 8. c3 Nc6 9. a3 Bg4 10. h3 Bxf3 11. Qxf3 Qe7 12. b4 b6 13. Nd2 Bh6 14. Nc4 Bxc1 15. Raxc1 Kg7 16. b5 Nd8 17. a4 Ne6 18. h4 Nd7 19. Ra1 Rab8 20. a5 Rb7 21. axb6 axb6 22. Ra6 Nc7 23. Ra3 Nxb5 24.
Rb3 Nc7 25. Bh3 b5 26. Ne3 Nf6 27. Reb1 Rfb8 28. h5 h6 29. hxg6 fxg6 30. Qe2 h5 31. Ng2 d5 32. exd5 Ncxd5 33. c4 Nb4 34. cxb5 Rxb5 35.
Ne3 e4 36. Nc4 R5b7 37. Re1 Nc6 38. Rxb7 Rxb7 39. dxe4 Nd4 40. Qd1 Rb4 41. Nd2 Rb2 42. Bg2 Ng4 43. Rf1 Qf7 44. Nf3 Nxf3+ 45. Bxf3 Ne5 46.
Bg2 Qf6 47. Qd5 c4 48. Qd4 Nd3 49. Qxc4 Nxf2 50. Qc5 1-0

[Event "*** SCC Grand Prix: Titled Tuesday Blitz"]
[Site "Chess.com"]
[Date "2020.07.21"]
[Round "4"]
[White "PawnEatingZombie"]
[Black "Gandrade2"]
[Result "1-0"]
[WhiteElo "2243"]
[BlackElo "2078"]
[TimeControl "180+1"]
[EndTime "10:38:06 PDT"]
[Termination "PawnEatingZombie won by checkmate"]

1. d4 Nf6 2. c4 g6 3. Nc3 Bg7 4. e4 d6 5. Be2 O-O 6. Be3 e5 7.
d5 a5 8. g4 Na6 9. h4 Nd7 10.
h5 Ndc5 11. f3 f5 12. hxg6 hxg6 13. gxf5 gxf5 14. Qd2 f4 15. Bf2 c6 16. O-O-O Nb4 17.
dxc6 Qb6 18. cxb7 Bxb7 19. Qxd6 Nb3+ 20. axb3 Qxf2 21. c5 Qe3+ 22. Kb1 Rae8 23. Bc4+ Rf7 24. Nh3 Bxe4+ 25. fxe4 Bf8 26. Qg6+ Kh8 27. Ng5+ Rh7 28. Rxh7# 1-0

[Event "*** SCC Grand Prix: Titled Tuesday Blitz"]
[Site "Chess.com"]
[Date "2020.07.21"]
[Round "4"]
[White "knightmare7724"]
[Black "Trickov"]
[Result "1-0"]
[WhiteElo "2599"]
[BlackElo "2360"]
[TimeControl "180+1"]
[EndTime "10:38:08 PDT"]
[Termination "knightmare7724 won on time"]

1. e4 c5 2. Nf3 d6 3. d4 Nf6 4. Nc3 cxd4 5. Nxd4 a6 6. h3 e5 7.
Nde2 b5 8. Bg5 Bb7 9. Bxf6 Qxf6 10. Nd5 Qd8 11. a4 Nd7 12. Nec3 bxa4 13. Bc4 Be7 14. O-O O-O 15. Nxa4 Rc8 16. b3 Kh8 17. Qe2 f5 18.
exf5 Rxf5 19. Ne3 Rf8 20. Bxa6 Bxa6 21. Qxa6 Nf6 22. c4 Qc7 23. Nb6 Rb8 24. Nbd5 Nxd5 25.
Nxd5 Qd7 26. b4 Bd8 27. Qa7 Rb7 28. Qa4 Qc8 29. b5 Rbf7 30. b6 Qc5 31. Qa3 1-0

[Event "*** SCC Grand Prix: Titled Tuesday Blitz"]
[Site "Chess.com"]
[Date "2020.07.21"]
[Round "4"]
[White "Josip_buje"]
[Black "talaicito"]
[Result "0-1"]
[WhiteElo "2270"]
[BlackElo "2072"]
[TimeControl "180+1"]
[EndTime "10:38:08 PDT"]
[Termination "talaicito won on time"]

1. d4 e6 2. Nf3 f5 3. Bf4 Nf6 4. e3 g6 5. Nbd2 Bg7 6. Bd3 O-O 7. O-O d6 8. c3 Nc6 9. a4 Qe7 10.
Qb3 Kh8 11. Bg3 e5 12. dxe5 dxe5 13. Bb5 e4 14. Nd4 Ne5 15. Bxe5 Qxe5 16. h3 g5 17. f4 exf3 18. N2xf3 Qxe3+ 19. Kh1 g4 20. Rae1 Qh6 21. Ng1 Ne4 22. Nde2 Nd2 23. Qb4 Nxf1 24. Rxf1 Be6 25. Nf4 gxh3 26. Ngxh3 Bg8 27. Be2 b6 28. Bf3 c5 29. Qb5 Rad8 30. a5 Be5 31. Bd1 Bxf4 32. Bc2 Bc7 33. Bxf5 Qd6 0-1

[Event "*** SCC Grand Prix: Titled Tuesday Blitz"]
[Site "Chess.com"]
[Date "2020.07.21"]
[Round "4"]
[White "Keithonsky"]
[Black "KyrgyzFighter"]
[Result "0-1"]
[WhiteElo "2442"]
[BlackElo "2318"]
[TimeControl "180+1"]
[EndTime "10:38:10 PDT"]
[Termination "KyrgyzFighter won by resignation"]

1. d4 f5 2. c4 Nf6 3. g3 g6 4. Bg2 Bg7 5. Nh3 O-O 6. Nc3 d6 7. d5 e5 8. dxe6 c6 9. Nf4 Re8 10. O-O Kh8 11. h4 Bxe6 12. Nxe6 Rxe6 13. Qb3 Re7 14. Rd1 Na6 15. Bf4 Rd7 16. Qa3 d5 17. cxd5 cxd5 18. Be5 d4 19. Nb5 Ne4 20. Bxg7+ Kxg7 21. Rac1 Qb6 22. Qd3 Nac5 23. Qc4 d3 24. exd3 Nxf2 25.
d4 Nxd1 26. dxc5 Qf6 27. Nd6 Ne3 28. Qd3 Nxg2 29. Kxg2 Re7 30. Rc2 f4 31. Rf2 Rf8 32. b4 Qe5 33. g4 Qe3 34. Rf3 Qxd3 35. Rxd3 Re2+ 36. Kf3 Rxa2 37. Nxb7 Rh2 38. c6 Rh3+ 39. Ke2 f3+ 40. Kf2 Rh2+ 41. Kg1 f2+ 42. Kxh2 f1=Q 43. Rd7+ Kg8 0-1

[Event "*** SCC Grand Prix: Titled Tuesday Blitz"]
[Site "Chess.com"]
[Date "2020.07.21"]
[Round "4"]
[White "WildTricks"]
[Black "MiroVlasenko"]
[Result "0-1"]
[WhiteElo "2509"]
[BlackElo "2728"]
[TimeControl "180+1"]
[EndTime "10:38:11 PDT"]
[Termination "MiroVlasenko won on time"]

1. e4 Nf6 2. e5 Nd5 3. d4 d6 4.
c4 Nb6 5. exd6 exd6 6. Nc3 Be7 7. Be3 O-O 8. Bd3 Bf6 9. Nge2 Nc6 10. b3 Bg4 11. Qd2 Bh5 12. O-O Bg6 13. Bxg6 hxg6 14. d5 Ne5 15. h3 Re8 16. Ng3 Ned7 17. Rad1 Nc5 18. Rfe1 a5 19. Bxc5 dxc5 20. Nge4 Nd7 21. Nxf6+ Qxf6 22. Rxe8+ Rxe8 23. Nb5 Qb6 24. Kh2 Nf6 25.
f3 Rd8 26. Qf4 c6 27. dxc6 Rxd1 28. c7 Qe6 29. Na7 Nh5 30. Qe4 Qd6+ 31. f4 Qxc7 0-1

[Event "*** SCC Grand Prix: Titled Tuesday Blitz"]
[Site "Chess.com"]
[Date "2020.07.21"]
[Round "4"]
[White "Zkid"]
[Black "Bigfish1995"]
[Result "0-1"]
[WhiteElo "2794"]
[BlackElo "3026"]
[TimeControl "180+1"]
[EndTime "10:38:12 PDT"]
[Termination "Bigfish1995 won by resignation"]

1. e4 c6 2. d4 d5 3. exd5 cxd5 4.
Bd3 Nc6 5. c3 Qc7 6. Ne2 Bg4 7.
O-O e6 8. Qe1 Nf6 9. f3 Bh5 10.
Qh4 Bg6 11. Bxg6 fxg6 12. Nd2 Bd6 13. Qh3 e5 14. dxe5 Bxe5 15. Qe6+ Kf8 16. Qh3 Re8 17. f4 Bd6 18. Qd3 Qb6+ 19. Nd4 Nxd4 20. cxd4 Kf7 21. Nf3 Rhf8 22. Qb3 Qxb3 23. axb3 a6 24. Ne5+ Ke6 25.
Bd2 Ne4 26. Ba5 g5 27. fxg5 Bxe5 28. dxe5 Rxf1+ 29. Rxf1 Nxg5 30. Rc1 Ne4 31. Rc7 Re7 32. Rxe7+ Kxe7 33. Bb6 Ke6 34. Bd4 Nd2 35. b4 Nb3 36.
Bb6 Kxe5 37. Kf2 Nd4 38. Bc5 Ke4 39. Be7 Nf5 40. Ke2 Nxe7 0-1

[Event "*** SCC Grand Prix: Titled Tuesday Blitz"]
[Site "Chess.com"]
[Date "2020.07.21"]
[Round "4"]
[White "FairChess_on_YouTube"]
[Black "ManuDavid2910"]
[Result "1-0"]
[WhiteElo "2994"]
[BlackElo "2690"]
[TimeControl "180+1"]
[EndTime "10:38:12 PDT"]
[Termination "FairChess_on_YouTube won by resignation"]

1. e4 c5 2. Nc3 Nc6 3. Nge2 e6 4. d4 cxd4 5. Nxd4 Bc5 6. Nb3 Bb6 7. Nb5 d5 8. exd5 exd5 9. Bf4 Qf6 10. Qd2 Nge7 11.
Nd6+ Kf8 12. O-O-O h5 13. h4 Ng6 14. Bg3 Be6 15.
Nxb7 Nce5 16. N7c5 Nc4 17. Nxe6+ fxe6 18. Bxc4 dxc4 19.
Qb4+ Kg8 20. Qxc4 Kh7 21. Rd6 Rhe8 22. Re1 Bxf2 23. Rf1 Be3+ 24. Kb1 Qe7 25. Qd3 Bh6 26.
Rd7 Qb4 27. Nd4 Rad8 28. c3 Qb6 29. Bc7 Rxd7 30. Bxb6 axb6 31. Qe4 e5 32. g4 Red8 33. gxh5 1-0

[Event "*** SCC Grand Prix: Titled Tuesday Blitz"]
[Site "Chess.com"]
[Date "2020.07.21"]
[Round "4"]
[White "WonderChampion"]
[Black "alfiefischer77"]
[Result "0-1"]
[WhiteElo "1982"]
[BlackElo "2204"]
[TimeControl "180+1"]
[EndTime "10:38:12 PDT"]
[Termination "alfiefischer77 won by resignation"]

1. e4 d5 2. exd5 Nf6 3. c4 e6 4. dxe6 Bxe6 5. d4 Bb4+ 6. Bd2 Qe7 7. Bxb4 Qxb4+ 8. Qd2 Nc6 9. a3 Qxd2+ 10. Nxd2 Nxd4 11. Bd3 O-O-O 12. O-O-O Ng4 13. Nh3 Ne5 14. Nf4 Nxd3+ 15. Nxd3 Ne2+ 16. Kc2 Bf5 17. Nb3 Nf4 18. Nc1 Nxg2 19.
Kb3 Nh4 20. Ne5 f6 21. Ned3 Rhe8 22. Kc3 Nf3 23. b4 g5 24. h3 h5 25. Kb3 Nd4+ 26. Kc3 Ne2+ 27. Nxe2 Rxe2 28. Rd2 Rxd2 29. Kxd2 Rxd3+ 30. Ke2 Rxa3 31. Rd1 Bxh3 32. Rd4 Bg4+ 33.
Kd2 Ra2+ 34. Kc3 Rxf2 0-1

[Event "*** SCC Grand Prix: Titled Tuesday Blitz"]
[Site "Chess.com"]
[Date "2020.07.21"]
[Round "4"]
[White "mamey78"]
[Black "AlexVanGog"]
[Result "0-1"]
[WhiteElo "2509"]
[BlackElo "2827"]
[TimeControl "180+1"]
[EndTime "10:38:13 PDT"]
[Termination "AlexVanGog won by resignation"]

1. e4 c5 2. Nf3 d6 3. d4 cxd4 4.
Nxd4 Nf6 5. Nc3 a6 6. Bg5 e6 7. f4 h6 8. Bh4 Qb6 9. a3 Nc6 10. Bf2 Qc7 11. Qf3 Be7 12. Be2 Bd7 13. O-O O-O 14. Qg3 Rac8 15. Rae1 e5 16. fxe5 dxe5 17.
Nxc6 Bxc6 18. Be3 Kh8 19. Bd3 Nh5 20. Qh3 Nf4 21. Qf3 Nxd3 22. cxd3 f5 23. Qh5 f4 24. Bf2 Bf6 25. d4 exd4 26. e5 dxc3 27. exf6 Rxf6 28.
Bd4 Qf7 29. Qh4 Qg6 30. Rf2 cxb2 31. Bxb2 Rf7 32. Ree2 Qg5 33. Qh3 Rcf8 34. Re5 Rf5 35. Rxf5 Rxf5 36. Qc3 Rd5 37. h4 Rd1+ 0-1

[Event "*** SCC Grand Prix: Titled Tuesday Blitz"]
[Site "Chess.com"]
[Date "2020.07.21"]
[Round "4"]
[White "MVM2008"]
[Black "Chopper1905"]
[Result "0-1"]
[WhiteElo "2184"]
[BlackElo "2889"]
[TimeControl "180+1"]
[EndTime "10:38:13 PDT"]
[Termination "Chopper1905 won by checkmate"]

1. e4 Nc6 2. Nf3 d6 3. Nc3 g6 4. d4 Bg7 5. Be2 Nf6 6. h3 O-O 7. Be3 a6 8. Qd2 b5 9. d5 Na5 10. a3 c5 11. dxc6 Nxc6 12. Nd4 Bb7 13. Nxc6 Bxc6 14.
Bf3 Nd7 15. Bd4 Bxd4 16. Qxd4 Qb6 17. Qxb6 Nxb6 18. O-O Nc4 19. b3 Nd2 20. Rfd1 Nxf3+ 21. gxf3 Rfc8 22. Rd2 Bb7 23. Nd5 Bxd5 24. exd5 Rc3 25. Re1 Kf8 26. Re3 Rc5 27. Rde2 Ra7 28. Rd3 Rac7 29. Rdd2 Rc3 30. Kg2 a5 31. Kg3 a4 32.
bxa4 bxa4 33. Re4 Rxa3 34. Rdd4 Rcc3 35. Rxa4 Rxf3+ 36. Kg2 Rxh3 37. Rab4 Rh5 38. Rb8+ Kg7 39. Rxe7 Rxd5 40. Rbb7 Rf5 41. Red7 Rc3 42. Rxd6 Rxc2 43.
Rdd7 Rcxf2+ 44. Kg3 h5 45. Kh3 R5f3+ 46. Kh4 Rh2+ 47.
Kg5 Rf5# 0-1

[Event "*** SCC Grand Prix: Titled Tuesday Blitz"]
[Site "Chess.com"]
[Date "2020.07.21"]
[Round "4"]
[White "BikingBrian"]
[Black "Giraffe_Chess"]
[Result "1-0"]
[WhiteElo "2222"]
[BlackElo "2396"]
[TimeControl "180+1"]
[EndTime "10:38:13 PDT"]
[Termination "BikingBrian won on time"]

1. d4 f5 2. Nc3 Nf6 3. Bg5 d5 4. e3 Nbd7 5. Nf3 a6 6. Bd3 e6 7. O-O Bd6 8. Ne2 O-O 9. c4 c6 10. cxd5 cxd5 11. Bf4 Qe7 12. Rc1 Ne4 13. Ne5 Bxe5 14.
Bxe5 Nxe5 15. dxe5 Nc5 16. f4 Bd7 17. Nd4 Rfc8 18. a3 Qe8 19. b4 Na4 20. Rxc8 Rxc8 21. g4 Nb2 22. Qe2 Nxd3 23. Qxd3 fxg4 24. e4 dxe4 25.
Qxe4 Bc6 26. Qe2 Qg6 27. f5 exf5 28. Nxf5 Re8 29. Qc4+ Qe6 30. Qxg4 g6 31. Nh6+ Kh8 32. Rf8+ Kg7 33. Rg8+ 1-0

[Event "*** SCC Grand Prix: Titled Tuesday Blitz"]
[Site "Chess.com"]
[Date "2020.07.21"]
[Round "4"]
[White "ChessWarrior7197"]
[Black "bascheyaro"]
[Result "1-0"]
[WhiteElo "2877"]
[BlackElo "2721"]
[TimeControl "180+1"]
[EndTime "10:38:14 PDT"]
[Termination "ChessWarrior7197 won by resignation"]

1. e4 e6 2. d4 d5 3. Nc3 Bb4 4.
Ne2 Nf6 5. a3 Bxc3+ 6. Nxc3 dxe4 7. Bg5 Nbd7 8. Nxe4 h6 9. Bh4 O-O 10. Qd3 b6 11. O-O-O Bb7 12. Nxf6+ Nxf6 13. Rg1 Qd5 14. Bxf6 gxf6 15. c4 Qg5+ 16. Kb1 c5 17. Be2 Rad8 18. d5 exd5 19. Bf3 dxc4 20. Qxd8 Qf5+ 21. Kc1 Rxd8 22. Rxd8+ Kg7 23. Bxb7 Qxf2 24. Rgd1 c3 25. bxc3 Qa2 26. R1d3 Qa1+ 27. Kd2 Qb2+ 28. Ke1 Qc1+ 29. Ke2 Qb2+ 30. Kf3 Qxa3 31. Kf4 Qc1+ 32. Ke4 Qc2 33. Kf3 c4 34. Re3 Qf5+ 35. Ke2 Qc2+ 36. Rd2 Qf5 37. Rg3+ Kf8 38. Rd8+ Ke7 39. Rd4 Qc2+ 40. Rd2 Qb1 41. Re3+ Kf8 42. Rd8+ Kg7 43. Rg3+ Kh7 44. h4 f5 45. Rdg8 Qc2+ 46.
Kf1 Qc1+ 47. Kf2 h5 48. R8g5 Qf4+ 49. Kg1 Qxh4 50. Bf3 1-0

[Event "*** SCC Grand Prix: Titled Tuesday Blitz"]
[Site "Chess.com"]
[Date "2020.07.21"]
[Round "4"]
[White "zaur-mammadov"]
[Black "Jospem"]
[Result "0-1"]
[WhiteElo "2662"]
[BlackElo "2842"]
[TimeControl "180+1"]
[EndTime "10:38:14 PDT"]
[Termination "Jospem won by resignation"]

1. e4 e5 2. Nf3 Nc6 3. Nc3 Nf6 4. Be2 d5 5. exd5 Nxd5 6. O-O Nxc3 7. bxc3 Bd6 8. Rb1 O-O 9. Re1 Re8 10. Bb5 Bd7 11.
d3 Rb8 12. h3 a6 13. Ba4 h6 14.
Nd2 Ne7 15. Bxd7 Qxd7 16. c4 b5 17. Bb2 Nc6 18. Qh5 Bb4 19. cxb5 axb5 20. Rbd1 Ra8 21. c3 Bf8 22. Ne4 Rxa2 23. Bc1 Re6 24. Qg4 Qd8 25. d4 exd4 26. cxd4 Rg6 27. Qf4 Nxd4 28. Nc3 Rd6 29. Nxa2 Ne2+ 30. Rxe2 Rxd1+ 31. Kh2 Bd6 0-1

[Event "*** SCC Grand Prix: Titled Tuesday Blitz"]
[Site "Chess.com"]
[Date "2020.07.21"]
[Round "4"]
[White "DariaVoit"]
[Black "PauloCesarCosta_sad"]
[Result "1-0"]
[WhiteElo "2508"]
[BlackElo "2200"]
[TimeControl "180+1"]
[EndTime "10:38:14 PDT"]
[Termination "DariaVoit won on time"]

1. d4 d5 2. Nf3 c6 3. c4 e6 4. Qc2 Nf6 5. g3 Nbd7 6. Bg2 Bd6 7. O-O O-O 8. Nc3 dxc4 9. a4 Qa5 10. Nd2 Qa6 11.
Nce4 Nxe4 12. Bxe4 f5 13. Nxc4 fxe4 14. Nxd6 Nf6 15.
Bg5 Qa5 16. Bxf6 Rxf6 17. Qxe4 Qd5 18. Qe5 b6 19. Qxd5 exd5 20. Nxc8 Rxc8 21. Rac1 c5 22.
dxc5 bxc5 23. Rfd1 d4 24. Rxd4 Rb8 25. Rxc5 Rxb2 26. Re4 Rb7 27. f4 Rf8 28. Kf2 h6 29. Kf3 Rff7 30. g4 Kh7 31. h4 Rfd7 32. g5 Rb3+ 33.
e3 Rb1 34. Re6 hxg5 35. hxg5 g6 36. Rce5 1-0

[Event "*** SCC Grand Prix: Titled Tuesday Blitz"]
[Site "Chess.com"]
[Date "2020.07.21"]
[Round "4"]
[White "Fandorine"]
[Black "Borsuk_Konstantin"]
[Result "1-0"]
[WhiteElo "2929"]
[BlackElo "2564"]
[TimeControl "180+1"]
[EndTime "10:38:15 PDT"]
[Termination "Fandorine won on time"]

1. e4 e6 2. d4 d5 3. exd5 exd5 4. Nf3 Bd6 5. Bd3 Ne7 6. O-O f6 7. c4 c6 8. Nc3 Be6 9. Re1 dxc4 10. Rxe6 cxd3 11. Qxd3 O-O 12. Ne4 Bc7 13. Qb3 Nd5 14.
Nc3 Bb6 15. a4 Qd7 16. Re1 Na6 17. a5 Bd8 18. Nxd5 cxd5 19. Nd2 Rc8 20. Nf1 Be7 21.
Ne3 Rfd8 22. Bd2 Bf8 23. Bc3 Nb8 24. h3 a6 25. Qd1 Nc6 26. Qh5 g6 27. Qf3 Kg7 28. Ng4 Qf7 29. h4 h5 30. Ne3 Bb4 31. g3 Bxc3 32. bxc3 Na7 33. Ng2 Nb5 34. Re3 Nd6 35. Nf4 Ne4 36. Nxd5 Qxd5 37. Rxe4 Rc7 38. Rae1 Kf7 39. Qe3 Rdd7 40. Qh6 1-0

[Event "*** SCC Grand Prix: Titled Tuesday Blitz"]
[Site "Chess.com"]
[Date "2020.07.21"]
[Round "4"]
[White "Virgo15"]
[Black "maciejos95"]
[Result "1-0"]
[WhiteElo "2688"]
[BlackElo "2484"]
[TimeControl "180+1"]
[EndTime "10:38:16 PDT"]
[Termination "Virgo15 won by resignation"]

1. d4 d5 2. Nf3 Nf6 3. Bf4 c6 4. e3 Bg4 5. c4 e6 6. Qb3 Qb6 7. c5 Qxb3 8. axb3 Bxf3 9. gxf3 Nbd7 10. b4 Nh5 11. Bg3 Nxg3 12. hxg3 e5 13. b5 exd4 14. exd4 Be7 15. Nd2 Bf6 16. Nb3 O-O 17. Bd3 g6 18. Kd2 Rfc8 19. f4 Nf8 20. f5 cxb5 21. fxg6 hxg6 22.
Bxb5 Ne6 23. Bd7 Nxd4 24. Nxd4 Rc7 25. Nb5 Rxd7 26. Ra2 a6 27. b4 Rc8 28. Nd6 Rc6 29.
Re1 b6 30. Rxa6 Rdxd6 31. Re8+ Kg7 32. cxd6 Rxd6 33. b5 Bd4 34. f4 Kf6 35. Rc8 Kf5 36. Kd3 Bf2 37. Rc6 Rd7 38. Ke2 Bd4 39. Kf3 1-0

[Event "*** SCC Grand Prix: Titled Tuesday Blitz"]
[Site "Chess.com"]
[Date "2020.07.21"]
[Round "4"]
[White "diablanni"]
[Black "Isajevsky_Anton"]
[Result "0-1"]
[WhiteElo "2333"]
[BlackElo "2561"]
[TimeControl "180+1"]
[EndTime "10:38:16 PDT"]
[Termination "Isajevsky_Anton won on time"]

1. e4 c5 2. Nf3 d6 3. Bb5+ Nd7 4.
d4 cxd4 5. Qxd4 e5 6. Qd3 a6 7. Bxd7+ Bxd7 8. c4 b5 9. Nc3 Qb6 10. O-O bxc4 11. Qxc4 Rc8 12. Qd3 h6 13. b3 Nf6 14.
Be3 Qb7 15. Nd2 Be6 16. f3 Be7 17. Rfc1 O-O 18. Nc4 Bxc4 19. bxc4 Qc6 20. Nd5 Bd8 21. Rab1 Nd7 22. Qb3 Re8 23. Qb7 Ba5 24. Rc2 Qa4 25.
Qb3 Qc6 26. Qb7 Kf8 27. Qxc6 Rxc6 28. Rb7 Nc5 29. Ra7 Ne6 0-1

[Event "*** SCC Grand Prix: Titled Tuesday Blitz"]
[Site "Chess.com"]
[Date "2020.07.21"]
[Round "4"]
[White "Agibileg"]
[Black "Karina_Ivanova"]
[Result "1-0"]
[WhiteElo "2408"]
[BlackElo "2184"]
[TimeControl "180+1"]
[EndTime "10:38:16 PDT"]
[Termination "Agibileg won by resignation"]

1. d4 Nf6 2. c4 e6 3. Nc3 Bb4 4. f3 c5 5. d5 d6 6. e4 e5 7. Bd3 O-O 8. Ne2 Nbd7 9. O-O Re8 10. Ng3 Bxc3 11. bxc3 Nf8 12. a4 b6 13. a5 Ng6 14.
axb6 Qxb6 15. Qc2 Bd7 16. Bg5 a5 17. Bxf6 gxf6 18. Nh5 Qd8 19. Qd2 Kh8 20. Qh6 Rg8 21. Rfb1 a4 22. Rb7 Nf8 23. Nxf6 Rg6 24. Rxd7 Rxh6 25.
Rxd8 Rxd8 26. Ng4 Rg6 27. Rxa4 Rb8 28. h4 h5 29. Ne3 Rb2 30. Ra8 Kg8 31. Bf1 Rb6 32. Nf5 Rf6 33. Ng3 Rh6 34. Nf5 Rf6 35. Kh2 Rb2 36. Rd8 Rb6 37. Bd3 Rxf5 38. exf5 f6 39.
g4 hxg4 40. fxg4 Kg7 41. g5 Nh7 42. Rd7+ Kg8 43. g6 Nf8 44. Rf7 Rb3 45. Rxf6 Rxc3 46. Bf1 Rf3 47. Kg2 Rf4 48. h5 Rh4 49. Be2 Re4 50. Bf3 Rxc4 51. h6 Rh4 52. g7 Nh7 53. Rxd6 Rg4+ 54. Bxg4 1-0

[Event "*** SCC Grand Prix: Titled Tuesday Blitz"]
[Site "Chess.com"]
[Date "2020.07.21"]
[Round "4"]
[White "CzechmVIII"]
[Black "Khazieva_Elza"]
[Result "0-1"]
[WhiteElo "2186"]
[BlackElo "2357"]
[TimeControl "180+1"]
[EndTime "10:38:16 PDT"]
[Termination "Khazieva_Elza won on time"]

1. e4 c5 2. Nf3 d6 3. d4 cxd4 4. Nxd4 Nf6 5. Nc3 Nc6 6. Bc4 e5 7. Nf5 Bxf5 8. exf5 Qd7 9. O-O Qxf5 10. f4 Qg4 11. Be2 Qd7 12. Nd5 Be7 13. c3 O-O 14. fxe5 Nxe5 15. Nxe7+ Qxe7 16. Bg5 Ned7 17. Bg4 Qe5 18.
Rf5 Qe4 19. Rf4 Qg6 20. h4 Nxg4 21. Qxg4 Ne5 22. Qf5 h6 23. Be7 Rfe8 24. Bxd6 Qxd6 25. Raf1 Re7 26. Qh3 Qb6+ 27. Kh1 Rd8 28. Re4 Ng6 29. Rxe7 Nxe7 30. Qf3 Rf8 31. Qe4 Nc6 32. h5 Qxb2 33.
Qd5 Qxc3 0-1

[Event "*** SCC Grand Prix: Titled Tuesday Blitz"]
[Site "Chess.com"]
[Date "2020.07.21"]
[Round "4"]
[White "HanSchut"]
[Black "PlotnikovPavel"]
[Result "0-1"]
[WhiteElo "2309"]
[BlackElo "2460"]
[TimeControl "180+1"]
[EndTime "10:38:18 PDT"]
[Termination "PlotnikovPavel won on time"]

1. e4 e6 2. d4 d5 3. Nd2 Be7 4. f4 dxe4 5. Nxe4 Nd7 6. Nf3 Ngf6 7. Bd3 b6 8. Qe2 Bb7 9. O-O O-O 10. c3 c5 11. dxc5 Nxc5 12. Nxc5 Bxc5+ 13. Kh1 a5 14. Be3 Qe7 15. Rad1 Rfd8 16. Bb1 Rxd1 17. Rxd1 Rd8 18.
Rxd8+ Qxd8 19. Bxc5 bxc5 20. f5 exf5 21. Bxf5 g6 22. Bc2 Qe8 23. Qxe8+ Nxe8 24. Kg1 Kf8 25. Kf2 Ke7 26. Ne5 f6 27. Nc4 Nd6 28. Nxa5 Bd5 29. Nb3 Nb7 30. g3 Kd6 31. Ke3 Be6 32. Nc1 Na5 33.
b4 Nc4+ 34. Ke2 Bg4+ 35. Kd3 Ne5+ 36. Ke3 Be6 37. a4 Ng4+ 38. Kd3 Nxh2 39. Bd1 Nf1 40. g4 Ng3 41. a5 h5 42. gxh5 gxh5 43. Ne2 h4 44.
Nxg3 hxg3 45. Bf3 Bd5 46. Ke3 f5 47. b5 f4+ 48. Kxf4 g2 49. Bxg2 Bxg2 50. Ke3 Bf1 0-1

[Event "*** SCC Grand Prix: Titled Tuesday Blitz"]
[Site "Chess.com"]
[Date "2020.07.21"]
[Round "4"]
[White "Larina_Marija"]
[Black "rynos0411"]
[Result "0-1"]
[WhiteElo "2116"]
[BlackElo "2395"]
[TimeControl "180+1"]
[EndTime "10:38:19 PDT"]
[Termination "rynos0411 won on time"]

1. e4 d6 2. d4 Nf6 3. Nc3 c6 4.
a4 Nbd7 5. Bc4 e5 6. Nf3 Be7 7.
dxe5 dxe5 8. Ng5 O-O 9. Bxf7+ Rxf7 10. Ne6 Qb6 11. a5 Qb4 12. Ra4 Qd6 13. Ng5 Qxd1+ 14. Nxd1 Rf8 15. Ne6 Nc5 16. Nxc5 Bxc5 17. O-O Be6 18.
h3 Rad8 19. a6 b5 20. Ra1 Nxe4 21. Ne3 h6 22. c3 Bb6 23. Ra3 Rd3 24. Nd1 Rfd8 25.
Ne3 Bd5 26. Ng4 Bc7 27. Be3 c5 28. Re1 h5 29. Bg5 hxg4 30. Bxd8 Bxd8 31. hxg4 Bc7 32. f3 Nf6 33. Kf2 Rd2+ 34. Re2 Rxe2+ 35. Kxe2 Kf7 36.
Kd3 Ke6 37. g5 Nh5 38. Ke2 Nf4+ 39. Kf2 Bb6 40. Kg3 Nd3 41. Ra1 Nxb2 42. Rh1 Nd3 0-1

[Event "*** SCC Grand Prix: Titled Tuesday Blitz"]
[Site "Chess.com"]
[Date "2020.07.21"]
[Round "4"]
[White "mariangie523"]
[Black "tlomigtlis"]
[Result "0-1"]
[WhiteElo "2019"]
[BlackElo "2377"]
[TimeControl "180+1"]
[EndTime "10:38:19 PDT"]
[Termination "tlomigtlis won on time"]

1. e4 c5 2. Nf3 d6 3. d4 cxd4 4. Nxd4 Nf6 5. f3 a6 6. c4 e5 7. Nb3 Be6 8. Be3 Qc7 9. N1d2 Nc6 10. Rc1 Be7 11. Be2 O-O 12. O-O Nd7 13. Nb1 f5 14. Nc3 f4 15. Bf2 g5 16. Nd5 Qd8 17. Nxe7+ Qxe7 18. c5 h5 19. cxd6 Qg7 20. h3 Nf6 21.
Nc5 Bc8 22. Qb3+ Kh8 23. Rfd1 g4 24. fxg4 hxg4 25. hxg4 Nxg4 26. Qh3+ Nh6 27. d7 Nd4 28. Bxd4 exd4 29. dxc8=Q Rfxc8 30. Ne6 Qf6 31. Rxc8+ Rxc8 32. Nxd4 Rg8 33. Bf3 Qb6 34. Qe6 Rg6 35. Qe5+ Kh7 0-1

[Event "*** SCC Grand Prix: Titled Tuesday Blitz"]
[Site "Chess.com"]
[Date "2020.07.21"]
[Round "4"]
[White "crazychessbr"]
[Black "DishonorOnYourCow"]
[Result "0-1"]
[WhiteElo "2116"]
[BlackElo "2319"]
[TimeControl "180+1"]
[EndTime "10:38:20 PDT"]
[Termination "DishonorOnYourCow won on time"]

1. e4 c5 2. d3 d6 3. g3 Nc6 4.
Bg2 g6 5. f4 Bg7 6. Nf3 e6 7.
O-O Nge7 8. c3 O-O 9. Be3 b5 10.
d4 cxd4 11. cxd4 Bb7 12. Na3 a6 13. Qd2 b4 14. Nc2 a5 15. Bf2 Ba6 16. Rfe1 Rc8 17. e5 dxe5 18. dxe5 Qxd2 19. Nxd2 Nxe5 20. fxe5 Rxc2 21. Nb3 a4 22. Nc5 Bb5 23. Rab1 Rc8 24. Nb7 Bc6 25. Nd6 Rb8 26. Bf1 Bf3 27. Re3 Bd5 28.
b3 axb3 29. axb3 Nc6 30. Bd3 Rc3 31. Be1 Rxb3 32. Rxb3 Bxb3 33. Bxg6 hxg6 34. Rxb3 Bxe5 35. Nc4 Bd4+ 36. Kf1 Bc5 37. Ke2 Nd4+ 0-1